Map: Neon Violet Square LE

Players

sevenOfour - Winner!

  • Race: Protoss Protoss
  • League: Diamond
  • Spawn Location: 11:00

Subwayeatn

  • Race: Zerg Zerg
  • League: Platinum
  • Spawn Location: 5:00

VOD

Have the link to the VOD?

Description

Time

  • Played on: April 23, 2018, 3:04 a.m.
  • Length: 13:13
Show
View Real Time Build Order
Export as new Build Order

sevenOfour Protoss - Winner!

Build Orders: Forge Fast Expand (FFE) 

Get SALT Encoding   

  12  0:02  Probe  
  14  0:14  Probe  
  14  0:26  Probe  
  15  0:32  Pylon  
  15  0:50  Probe  
  15  0:54  Forge  
  16  1:03  Probe  
  17  1:15  Pylon  
  17  1:19  Probe  
  18  1:39  Nexus  
  18  1:46  Probe  
  19  1:58  Gateway  
  19  2:00  Pylon  
  19  2:01  Pylon  
  19  2:07  Photon Cannon  
  19  2:10  Probe  
  20  2:23  Photon Cannon  
  20  2:27  Pylon  
  20  2:32  Pylon  
  20  2:38  Probe  
  21  2:46  Zealot  
  21  2:49  Photon Cannon  
  23  2:52  Probe  
  24  3:00  Pylon  
  24  3:09  Probe x2  
  24  3:12  Assimilator  
  26  3:22  Probe  
  26  3:24  Gateway  
  27  3:34  Cybernetics Core  
  27  3:38  Probe  
  27  3:40  Assimilator  
  28  3:42  Probe  
  29  3:54  Probe  
  30  4:06  Zealot  
  30  4:07  Probe x2  
  30  4:08  Warp Gate  
  32  4:11  Protoss Ground Weapons Level 1  
  32  4:16  Zealot  
  34  4:19  Probe  
  34  4:21  Assimilator  
  35  4:30  Twilight Council  
  35  4:34  Probe x2  
  37  4:46  Nexus  
  37  4:49  Charge  
  37  5:00  Probe x2  
  37  5:06  Zealot  
  40  5:14  Gateway  
  40  5:16  Gateway  
  40  5:23  Pylon  
  40  5:27  Gateway  
  40  5:34  Probe x2  
  44  5:46  Pylon  
  44  5:51  Pylon  
  42  6:08  Probe x2  
  44  6:12  Probe  
  45  6:19  Gateway  
  45  6:20  Gateway, Probe  
  45  6:22  Gateway  
  45  6:25  Robotics Facility, Probe  
  47  6:27  Robotics Facility  
  47  6:32  Assimilator  
  47  6:40  Protoss Ground Weapons Level 2  
  47  6:44  Pylon  
  47  6:46  Probe x2  
  49  6:49  Pylon  
  49  6:51  Templar Archives  
  49  6:56  Probe  
  49  6:58  Probe x2  
  52  7:12  Stalker x2, Zealot x2  
  60  7:18  Observer x2  
  62  7:36  Immortal  
  62  7:37  Immortal  
  62  7:40  Psionic Storm  
  62  7:44  Probe x3  
  73  7:53  High Templar  
  73  7:55  Stalker  
  73  7:57  Probe  
  73  7:58  Probe x2  
  80  8:02  Assimilator  
  80  8:06  Assimilator  
  80  8:10  Probe x2  
  82  8:19  Stalker  
  84  8:20  High Templar, Zealot  
  84  8:21  Zealot, Warp Prism  
  84  8:22  High Templar  
  84  8:23  Zealot  
  84  8:26  Stalker  
  98  8:42  Probe x3  
  101  8:49  Immortal  
  101  8:54  Probe  
  96  9:06  Stalker  
  96  9:07  Zealot x2  
  96  9:08  Stalker, Zealot x2  
  96  9:09  Zealot  
  92  9:21  Stalker  
  92  9:22  Zealot x4  
  92  9:24  Stalker, Zealot x2  
  106  9:42  Pylon  
  106  9:43  Pylon  
  106  9:52  High Templar  
  108  10:00  Immortal x2  
  116  10:07  Zealot x2  
  116  10:08  Zealot x2  
  122  10:22  Pylon  
  122  10:24  Pylon  
  122  10:25  Pylon x2  
  116  10:43  Stalker x2  
  116  10:44  Zealot x5  
  116  10:45  Zealot  
  132  10:59  Pylon  
  132  11:00  Pylon  
  132  11:05  High Templar x2  
  132  11:06  High Templar x6  
  132  11:09  Archon x2  
  148  11:18  Archon x2  
  144  11:41  Stalker x4  
  144  11:42  Stalker, Zealot  
  144  11:43  Zealot x2  
  160  11:49  Pylon  
  160  11:50  Pylon  
  160  11:53  Pylon  
  124  12:21  Stalker, Zealot x3  
  124  12:22  Stalker x2, Zealot x2  
  138  12:48  Stalker  
  138  12:49  Stalker, Zealot x2  
  138  12:50  Stalker, Zealot  
  138  12:51  High Templar x2  
  154  12:55  Archon  
Show
View Real Time Build Order
Export as new Build Order

Subwayeatn Zerg 

Build Orders: 1 Base Baneling Bust, Pool First 

Get SALT Encoding   

  12  0:01  Drone  
  13  0:13  Overlord  
  13  0:18  Drone  
  14  0:25  Extractor  
  14  0:26  Drone  
  14  0:42  Spawning Pool  
  13  0:45  Drone  
  13  0:49  Drone  
  15  0:54  Drone  
  16  1:20  Drone  
  17  1:26  Drone  
  17  1:27  Drone  
  17  1:31  Baneling Nest  
  17  1:32  Queen  
  20  1:40  Overlord  
  20  1:45  Metabolic Boost  
  20  1:57  Drone  
  21  2:05  Zergling x4  
  23  2:18  Zergling x2  
  24  2:35  Zergling x2  
  25  2:41  Hatchery  
  24  2:46  Overlord  
  24  3:15  Queen  
  26  3:21  Drone x5  
  31  3:27  Hatchery  
  31  3:30  Zergling x2  
  31  3:38  Drone  
  32  3:50  Pneumatized Carapace  
  32  4:03  Drone x5  
  37  4:10  Lair  
  37  4:18  Drone x2  
  37  4:19  Roach Warren  
  38  4:34  Extractor  
  37  4:45  Drone x9  
  46  4:46  Evolution Chamber  
  46  4:48  Evolution Chamber  
  46  4:52  Queen  
  46  4:57  Extractor, Drone  
  45  5:22  Glial Reconstitution  
  45  5:28  Drone x5  
  45  5:30  Overlord  
  45  5:31  Overlord  
  45  5:32  Overlord  
  50  5:38  Zerg Missile Weapons Level 1  
  50  5:50  Extractor  
  50  5:52  Zerg Ground Armor Level 1  
  50  5:54  Drone x3  
  50  5:56  Drone x3  
  50  5:57  Drone  
  56  5:59  Drone x5  
  61  6:09  Spine Crawler  
  60  6:11  Spine Crawler  
  60  6:13  Drone  
  60  6:14  Drone x2  
  60  6:15  Drone x2  
  64  6:20  Roach x3  
  64  6:21  Roach  
  72  6:29  Drone  
  73  6:35  Drone  
  73  6:37  Overlord  
  73  6:38  Overlord  
  73  6:39  Overlord  
  74  6:44  Overlord x5  
  74  6:55  Roach x4  
  74  6:57  Roach  
  84  7:09  Roach  
  84  7:10  Roach x7  
  100  7:23  Ravager x3  
  100  7:26  Ravager x2  
  102  7:42  Roach x6  
  102  7:43  Roach x4  
  122  7:56  Overlord  
  122  7:57  Overlord x2  
  122  8:09  Hatchery  
  121  8:16  Roach  
  121  8:17  Roach x14  
  151  8:21  Overlord  
  151  8:30  Zerg Missile Weapons Level 2  
  151  8:37  Ravager  
  152  8:44  Overseer  
  121  9:19  Roach x16  
  150  9:26  Ravager  
  150  9:31  Drone x4  
  155  9:33  Queen, Extractor  
  155  9:34  Extractor  
  155  9:49  Overlord x2  
  155  9:51  Drone  
  156  10:02  Zerg Ground Armor Level 2  
  156  10:05  Extractor  
  156  10:06  Extractor  
  149  10:36  Queen  
  149  10:42  Hatchery  
  150  11:01  Drone x2, Spire  
  150  11:03  Spine Crawler  
  150  11:05  Spine Crawler  
  150  11:09  Ravager x2  
  150  11:10  Ravager x8  
  159  11:11  Overlord  
  159  11:12  Overlord  
  159  11:27  Infestation Pit  
  151  11:44  Zergling x2  
  151  11:45  Zergling x28  
  83  12:01  Zergling x2  
  83  12:02  Zergling x10  
  83  12:05  Queen  
  82  12:11  Roach  
  82  12:12  Roach x3  
  90  12:19  Overlord  
  90  12:20  Mutalisk x4  
  98  12:29  Zergling x2  
  100  12:30  Zergling x6  
  102  12:42  Mutalisk  
  102  12:43  Mutalisk x6  
  103  12:49  Drone x3  
  103  12:50  Drone x4  
Tags
 
Add a new tag
Caveats
  • Supply blocks, unpowered buildings, or Contaminate may cause inaccurate times.
  • Supply counts are checked every 10 seconds.